 Dungeon Crawl Stone Soup version 0.18.1-5-g4a78601 (webtiles) character file.

62 esc the Firebug (level 3, -10/19 HPs)
             Began as a Deep Elf Fire Elementalist on May 12, 2016.
             Mangled by an ogre
             ... wielding a +0 giant club
              (27 damage)
             ... on level 3 of the Dungeon.
             The game lasted 00:04:57 (1404 turns).

esc the Firebug (Deep Elf Fire Elementalist)        Turns: 1404, Time: 00:04:58

Health: -10/19     AC:  3    Str:  5    XL:     3   Next: 85%
Magic:  4/9        EV: 13    Int: 20    God:
Gold:   100        SH:  0    Dex: 15    Spells: 1 memorised, 8 levels left

rFire  . . .     SeeInvis .     h - +1 club
rCold  . . .     Gourm    .     a - +0 robe
rNeg   . . .     Faith    .     (no shield)
rPois  +         Spirit   .     (no helmet)
rElec  .         Dismiss  .     (no cloak)
rCorr  .         Reflect  .     e - +0 pair of gloves
SustAt .         Harm     .     (no boots)
MR     .....                    (no amulet)
Stlth  +++.......               (no ring)
                                d - ring of stealth {Stlth+}

@: not resistant to hostile enchantments, fairly stealthy
A: low mp 1, poison resistance, sturdy frame 1
a: no special abilities


You were on level 3 of the Dungeon.
You were not hungry.

You visited 1 branch of the dungeon, and saw 3 of its levels.

You collected 100 gold pieces.

Inventory:

Hand Weapons
 g - a +0 club
   (You took it off a hobgoblin on level 3 of the Dungeon)
 h - a +1 club (weapon)
   (You took it off a hobgoblin on level 1 of the Dungeon)
Missiles
 j - 4 stones (quivered)
 n - 2 throwing nets {=f, !d}
Armour
 a - a +0 robe (worn)
 e - a +0 pair of gloves (worn)
   (You found it on level 1 of the Dungeon)
 k - a +2 buckler
   (You found it on level 2 of the Dungeon)
Jewellery
 d - a ring of stealth (left hand) {Stlth+}
   (You found it on level 1 of the Dungeon)
Wands
 i - a wand of random effects (45/48)
   (You found it on level 2 of the Dungeon)
Scrolls
 l - a scroll of remove curse
Books
 b - a book of Flames
Comestibles
 c - 2 bread rations {@e1}
 f - a meat ration {@e2}
 m - 3 chunks of flesh {@w0}


   Skills:
 + Level 0.2 Fighting
 - Level 3.2 Dodging
 - Level 2.4 Stealth
 + Level 3.7 Spellcasting
 + Level 2.2 Conjurations
 + Level 3.8 Fire Magic


You had 8 spell levels left.
You knew the following spells:

 Your Spells              Type           Power        Failure   Level  Hunger
a - Flame Tongue          Conj/Fire      ###..        3%          1    None


Dungeon Overview and Level Annotations

Branches:
Dungeon (3/15)

Altars:
Elyvilon
Gozag

Annotations:
D:2 exclusion: Terence, Terence


Innate Abilities, Weirdness & Mutations

Your magical capacity is low (-10% MP).
Your system is resistant to poisons.
Your movements are slightly less encumbered by armour (ER -2).


Message History

Aim: a giant gecko (almost dead)
The flame tongue hits the giant gecko.
You kill the giant gecko!
You now have 5/9 mp.
You can't see any susceptible monsters within range! (Use Z to cast anyway.)
Aim: a hobgoblin, wielding a club The flame tongue hits the hobgoblin.
You now have 4/9 mp.
Aim: a hobgoblin, wielding a club (moderately wounded)
The flame tongue hits the hobgoblin.
The hobgoblin appears unharmed.
The hobgoblin hits you but does no damage.
You now have 3/9 mp.
Aim: a hobgoblin, wielding a club (moderately wounded)
The flame tongue hits the hobgoblin.
You kill the hobgoblin!
You now have 2/9 mp.
Things that are here:
a club; a hobgoblin corpse You butcher the hobgoblin corpse.
m - 3 chunks of flesh {@w0}
Things that are here:
a club; a hobgoblin skeleton Read which item? (? for menu, Esc to quit)
As you read the scroll labeled ILEAMMIL ASOE, it crumbles to dust.
It is a scroll of enchant weapon.
Enchant which weapon? (? for menu, Esc to quit)
Your +0 club glows red for a moment.
g - a club A gnoll comes into view. It is wielding a spear.
A gnoll comes into view. It is wielding a whip.
The gnoll shouts!
The gnoll throws a throwing net.
The throwing net hits you.
You become entangled in the net!
A bat comes into view.
You see here a throwing net {=f, !d}.
You try to slip out of the net.
You try to slip out of the net.
You struggle against the net.
You slip out of the net!
The gnoll throws a throwing net.
The throwing net hits you.
You become entangled in the net!
You try to slip out of the net.
You struggle to escape the net.
You struggle to escape the net.
You slip out of the net!
The gnoll barely misses you.
Aim: a gnoll, wielding a whip The flame tongue hits the gnoll.
The gnoll hits you with a whip.
You take 4 damage, and have 15/19 hp.
MASSIVE DAMAGE!!
You now have 4/9 mp.
Aim: a gnoll, wielding a whip (moderately wounded)
You miscast Flame Tongue.
You are very lightly contaminated with residual magic.
Nothing appears to happen.
The gnoll hits you with a whip.
You take 4 damage, and have 11/19 hp.
MASSIVE DAMAGE!!
You now have 3/9 mp.
Aim: a gnoll, wielding a whip (moderately wounded)
The flame tongue hits the gnoll.
You kill the gnoll!
You now have 2/9 mp.
You now have 89 gold pieces (gained 8).
You see here a whip.
There isn't anything to butcher here.
n - a throwing net {=f, !d};
n - 2 throwing nets {=f, !d} (gained 1)
You now have 100 gold pieces (gained 11).
You see here a whip.
You start resting.
Your magical contamination has completely faded away.
You start resting.
An ogre comes into view. It is wielding a giant club.
You regained 2 hp, and now have 15/19 hp.
MP restored: 9 The ogre moves out of view.
The ogre closely misses you.
You see here a hobgoblin skeleton.
Found a stone staircase leading down.
There is a stone staircase leading down here.
A jackal comes into view.
The jackal barks!
A jackal comes into view.
The jackal barks! 2 jackals come into view.
Aim: an ogre, wielding a giant club The flame tongue hits the ogre.
The ogre barely misses you.
You now have 8/9 mp.
Aim: an ogre, wielding a giant club (lightly wounded)
The flame tongue hits the ogre.
You now have 7/9 mp.
Aim: an ogre, wielding a giant club (moderately wounded)
The flame tongue hits the ogre.
The ogre barely misses you.
You now have 6/9 mp.
Aim: an ogre, wielding a giant club (heavily wounded)
The flame tongue hits the ogre.
The ogre misses you.
You now have 5/9 mp.
Aim: an ogre, wielding a giant club (heavily wounded)
The flame tongue hits the ogre.
The ogre hits you with a giant club!!
Ouch! That really hurt!
You die...

## #. ##############.###
#................#######
........................
#.#.....................
#.#.............[.......
#.#............#@#
..#............#O######
.....รท........>.hh......
.##.#..#.#####....h....h
.##.#..#.# .........h..
.##....#.# ###.........h
####....<# ...####+###
#......)# .#..# #.#...###
#.#..#


You could see an ogre and 3 jackals.

Vanquished Creatures
  A gnoll (D:3)
  3 worms (D:2)
  3 dart slugs (D:2)
  A giant gecko (D:3)
  A giant cockroach (D:2)
  6 goblins
  4 hobgoblins
  A quokka (D:2)
  4 bats
  3 giant newts
  6 kobolds
  4 rats
37 creatures vanquished.

Notes
Turn   | Place    | Note
--------------------------------------------------------------
     0 | D:1      | esc the Deep Elf Fire Elementalist began the quest for the Orb.
     0 | D:1      | Reached XP level 1. HP: 10/10 MP: 6/6
   108 | D:1      | HP: 2/10 [kobold (1)]
   159 | D:1      | Reached XP level 2. HP: 8/15 MP: 2/8
   374 | D:2      | Gained mutation: Your magical capacity is low (-10% MP). [potion of mutation]
   374 | D:2      | Gained mutation: Your system is resistant to poisons. [potion of mutation]
   374 | D:2      | Gained mutation: Your movements are slightly less encumbered by armour (ER -2). [potion of mutation]
   419 | D:2      | Reached skill level 3 in Dodging
   442 | D:2      | Found an opulent altar of Gozag.
   442 | D:2      | Found a white marble altar of Elyvilon.
   515 | D:2      | Noticed Terence
   612 | D:2      | Reached XP level 3. HP: 19/19 MP: 9/9
   831 | D:2      | Reached skill level 2 in Conjurations
  1379 | D:3      | Noticed an ogre
  1404 | D:3      | Mangled by an ogre

Skill      XL: |  1  2  3 |
---------------+----------+-----
Dodging        | 3 |  3.2
Conjurations   | 2 |  2.2
Fighting       | |  0.2
Stealth        | |  2.4
Spellcasting   | |  3.7
Fire Magic     | |  3.8

Action                   || total
-------------------------++-------
Melee: Club              ||    17
 Cast: Flame Tongue      ||    80
  Use: Potion            ||     2
       Scroll            ||     6
 Stab: Sleeping          ||     2
  Eat: Chunk             ||     1
Armor: Robe              ||    11
Dodge: Dodged            ||    34

Vault maps used:
D:1:      lightli_arrival_statuegarden
D:2:      gammafunk_temple_overflow_wave, minmay_three_crescents, uniq_terence
D:3:      gammafunk_temple_overflow_elements, uniq_robin

Table legend:
 A = Turns spent in this place as a percentage of turns spent in the entire game.
 B = Non-inter-level travel turns spent in this place as a percentage of non-inter-level travel turns spent in the entire game.
 C = Inter-level travel turns spent in this place as a percentage of turns spent in this place.
 D = Turns resting spent in this place as a percentage of non-inter-level travel turns spent in this place.
 E = Turns spent auto-exploring this place as a percentage of non-inter-level travel turns spent in this place.
 F = Non-inter-level travel turns spent in this place divided by the number of levels of this place that you've seen.
                   A       B       C       D       E      F
               +-------+-------+-------+-------+-------+----------------------
         Total | 100.0 | 100.0 |   0.4 |   2.5 |   7.1 | 158.7
       Dungeon | 100.0 | 100.0 |   0.4 |   2.5 |   7.1 | 158.7
               +-------+-------+-------+-------+-------+----------------------

Table legend:
 A = Kills in this place as a percentage of kills in entire the game.
 B = Kills by you in this place as a percentage of kills by you in the entire game.
 C = Kills by friends in this place as a percentage of kills by friends in the entire game.
 D = Other kills in this place as a percentage of other kills in the entire game.
 E = Experience gained in this place as a percentage of experience gained in the entire game.
 F = Experience gained in this place divided by the number of levels of this place that you have seen.
                   A       B       C       D       E      F
               +-------+-------+-------+-------+-------+----------------------
         Total | 100.0 | 100.0 |  -nan |  -nan | 100.0 |  29.7
       Dungeon | 100.0 | 100.0 |  -nan |  -nan | 100.0 |  29.7
               +-------+-------+-------+-------+-------+----------------------
